 Dungeon Crawl Stone Soup version 0.19.4 (webtiles) character file.

8941 TuxedoFelix the Fighter (level 11, -23/160 HPs)
             Began as a Minotaur Berserker on Feb 1, 2017.
             Was a High Priest of Trog.
             Annihilated by an iron troll (30 damage)
             ... summoned by the player character
             ... on level 1 of the Lair of Beasts on Feb 2, 2017.
             The game lasted 01:11:28 (11608 turns).

TuxedoFelix the Fighter (Minotaur Berserker)       Turns: 11608, Time: 01:11:29

Health: -23/160    AC: 14    Str: 30    XL:     11   Next: 16%
Magic:  10/10      EV: 15    Int:  4    God:    Trog [*****.]
Gold:   318        SH:  0    Dex: 10    Spells: 0 memorised, 10 levels left

rFire  . . .     SeeInvis .     F - +3 war axe (chop)
rCold  . . .     Gourm    .     e - +0 ring mail
rNeg   . . .     Faith    .     (no shield)
rPois  .         Spirit   .     (helmet restricted)
rElec  .         Reflect  .     i - +0 cloak
rCorr  +         Harm     .     D - +2 pair of gloves
MR     .....                    H - +1 pair of boots
Stlth  ..........               E - amulet of regeneration
                                k - ring of stealth
                                R - ring of resist corrosion

@: berserking, very quick
A: retaliatory headbutt, horns 2
a: Berserk, Trog's Hand, Brothers in Arms, Burn Spellbooks, Renounce Religion


You were on level 1 of the Lair of Beasts.
You worshipped Trog.
Trog was extremely pleased with you.
You were not hungry.

You visited 2 branches of the dungeon, and saw 11 of its levels.
You also visited: Sewer.

You collected 494 gold pieces.
You spent 176 gold pieces at shops.

Inventory:

Hand Weapons
 u - a +1 antimagic battleaxe
 F - a +3 war axe of chopping (weapon)
 P - a +0 war axe
Missiles
 n - 23 tomahawks
 y - a throwing net (quivered)
Armour
 e - a +0 ring mail (worn)
 i - a +0 cloak (worn)
 D - a +2 pair of gloves (worn)
 H - a +1 pair of boots (worn)
Jewellery
 k - a ring of stealth (right hand)
 x - an uncursed ring of fire
 E - an amulet of regeneration (around neck)
 R - a ring of resist corrosion (left hand)
Wands
 h - a wand of disintegration (14/24)
 s - a wand of polymorph (19/24)
 v - a wand of random effects (33/48)
 A - a wand of polymorph (14/24)
 K - a wand of paralysis (8/24)
Scrolls
 a - a scroll of enchant armour
 d - a scroll of noise
 f - 3 scrolls of amnesia
 g - 11 scrolls of teleportation
 j - 8 scrolls of remove curse
 o - 3 scrolls of recharging
 q - 3 scrolls of immolation
 w - 5 scrolls of fear
 Q - a scroll of enchant weapon
Potions
 b - 2 potions of flight
 c - a potion of heal wounds
 m - 2 potions of brilliance
 r - 6 potions of curing
 t - a potion of cure mutation {unknown}
 G - a potion of resistance {unknown}
 J - 2 potions of agility
 M - a potion of mutation {unknown}
 N - a potion of invisibility {unknown}
Comestibles
 l - 2 meat rations
 p - 9 fruits
 B - 2 beef jerkies
 C - 3 bread rations
 I - a royal jelly
 O - 2 slices of pizza


   Skills:
 * Level 13.2 Fighting
 * Level 10.3 Axes
 * Level 10.0 Armour
 - Level 8.2 Dodging


You had 10 spell levels left.
You didn't know any spells.

Dungeon Overview and Level Annotations

Branches:
Dungeon (10/15)            Temple (0/1) D:4            Lair (1/6) D:10
    Orc (0/2) D:9

Altars:
Elyvilon
Gozag
Hepliaklqana
Kikubaaqudgha
Okawaru
Qazlal
Ru
Sif Muna
Trog
Uskayaw
Vehumet
Beogh

Shops:
D:4 (*![   D:5 ?   D:6 :


Innate Abilities, Weirdness & Mutations

You reflexively headbutt those who attack you in melee.
You have a pair of horns on your head.


Message History

The ten-headed hydra explodes!
The fiery explosion engulfs your iron troll.
Your iron troll resists.
Your iron troll is severely wounded.
Your Armour skill increases to level 10!
The iron troll is engulfed in roaring flames.
Found 7 gold pieces.
You feel much better.
A red film seems to cover your vision as you go berserk!
You feel yourself moving faster!
You feel mighty!
You feel a lot more hungry. The iron troll misses you. You furiously retaliate!
You headbutt the iron troll! The iron troll claws you!!
The iron troll claws you.
* * * LOW HITPOINT WARNING * * *
You slice the iron troll!!
The iron troll is almost dead.
You hit the plant but do no damage. The iron troll bites you!!!
* * * LOW HITPOINT WARNING * * *
The iron troll completely misses you. The iron troll claws you!!
You die...

#.####..# ......... ...
#.#####.. ##.$ #........
.... .........# ...
#..###.#.### #.. ...#
#D##.. ##.## . ...#
##..##..#...###... #..#
##.........@......#
..####.=$#######TP##.###
P.#....(.#######..#
##....$...........#
##.##.##.###.##...#
#.###.##.####.#.#.# l..
...... .# ###.# #.###
###.#### .# .# ## .


You could see an iron troll (berserk).

Vanquished Creatures
  A gargoyle (D:10)
  2 spiny frogs (Lair:1)
  2 komodo dragons
  A polar bear (D:10)
  Grinder (D:3)
  A hippogriff (D:10)
  2 wyverns
  A steam dragon (D:10)
  The ghost of Squonk the Magician, an amateur DgWn (Sewer)
  Edmund (D:5)
  3 water moccasins
  Duvessa (D:6)
  An ice beast (D:10)
  2 black bears
  3 orc warriors (D:9)
  3 phantoms
  2 wolves (D:10)
  7 ogres
  3 centaurs
  2 crocodiles (Lair:1)
  3 big kobolds
  6 bullfrogs
  Dowan (D:6)
  6 scorpions
  10 killer bees
  3 wights (D:9)
  A howler monkey (D:10)
  4 crimson imps
  A quasit (D:9)
  A bullfrog zombie (D:10)
  7 hounds
  10 orc priests
  Crazy Yiuf (D:6)
  A bullfrog skeleton (D:6)
  A gnoll shaman (D:8)
  A jelly (D:10)
  7 orc wizards
  Jessica (D:3)
  A centaur skeleton (D:9)
  2 iguanas
  2 killer bee zombies
  6 worker ants
  A hound skeleton (D:7)
  12 gnolls
  10 adders
  A howler monkey skeleton (D:10)
  3 shadow imps
  2 white imps (D:10)
  A worker ant simulacrum (D:10)
  11 oozes (Sewer)
  2 ufetubi (D:10)
  5 worms (D:2)
  A dart slug (D:2)
  22 leopard geckos
  49 orcs
  9 ball pythons
  17 giant cockroaches
  7 goblins
  6 hobgoblins
  12 jackals
  17 kobolds
  6 quokkas
  3 bats
  11 frilled lizards
  2 leopard gecko skeletons
  A quokka zombie (D:6)
  5 rats
  A fungus (Lair:1)
333 creatures vanquished.

Vanquished Creatures (collateral kills)
  A hydra (Lair:1)
  An ogre (D:10)
  A white imp (D:10)
3 creatures vanquished.

Vanquished Creatures (others)
  An orc wizard (D:8)
  2 plants (D:10)
3 creatures vanquished.

Grand Total: 339 creatures vanquished

Notes
Turn   | Place    | Note
-------+----------+-------------------------------------------
     0 | D:1      | TuxedoFelix the Minotaur Berserker began the quest for the Orb.
     0 | D:1      | Reached XP level 1. HP: 19/19 MP: 0/0
   512 | D:2      | Reached skill level 4 in Fighting
   512 | D:2      | Reached XP level 2. HP: 18/27 MP: 1/1
   818 | D:2      | Reached XP level 3. HP: 21/33 MP: 2/2
   963 | D:2      | Noticed a moth of wrath
   966 | D:2      | Found a bloodstained altar of Trog.
   995 | D:2      | Reached ** piety under Trog
  2016 | D:2      | Reached XP level 4. HP: 41/41 MP: 3/3
  2484 | D:3      | Noticed Jessica
  2488 | D:3      | Killed Jessica
  2488 | D:3      | Reached skill level 5 in Fighting
  2699 | D:3      | Found a glowing drain.
  2722 | Sewer    | Entered a sewer
  2733 | Sewer    | Reached XP level 5. HP: 39/48 MP: 4/4
  2924 | Sewer    | Reached *** piety under Trog
  3080 | Sewer    | Noticed Squonk's ghost (amateur DgWn)
  3092 | Sewer    | Killed Squonk's ghost
  3092 | Sewer    | Reached skill level 6 in Fighting
  3092 | Sewer    | Reached XP level 6. HP: 55/57 MP: 5/5
  3123 | Sewer    | Reached skill level 5 in Axes
  3184 | Sewer    | Reached XP level 7. HP: 56/64 MP: 6/6
  3581 | D:3      | Noticed Grinder
  3593 | D:3      | Killed Grinder
  3593 | D:3      | Reached skill level 7 in Fighting
  4097 | D:4      | Reached skill level 5 in Armour
  4251 | D:4      | Found a staircase to the Ecumenical Temple.
  4312 | D:4      | Found a stormy altar of Qazlal.
  4421 | D:4      | Reached skill level 8 in Fighting
  4421 | D:4      | Reached skill level 5 in Dodging
  4421 | D:4      | Reached XP level 8. HP: 64/74 MP: 7/7
  4445 | D:4      | Found Tylinem's General Store.
  5047 | D:4      | Found Opeonugu's Antique Armour Shoppe.
  5242 | D:4      | Found an ancient bone altar of Kikubaaqudgha.
  5461 | D:4      | Found Xouneluyj's Weapon Emporium.
  5567 | D:4      | Found Ugiurali's Distillery.
  5578 | D:4      | Found a hide-covered altar of Uskayaw.
  5580 | D:4      | Found a white marble altar of Elyvilon.
  5602 | D:4      | Bought a potion of heal wounds for 55 gold pieces
  5602 | D:4      | Bought a potion of curing for 33 gold pieces
  5615 | D:5      | Entered Level 5 of the Dungeon
  5625 | D:5      | Reached **** piety under Trog
  6011 | D:5      | Reached skill level 9 in Fighting
  6131 | D:5      | Noticed Edmund
  6148 | D:5      | Killed Edmund
  6416 | D:5      | Reached XP level 9. HP: 84/84 MP: 8/8
  6425 | D:5      | Found Xogext's Magic Scroll Boutique.
  6440 | D:5      | Bought a scroll of identify for 22 gold pieces
  6440 | D:5      | Bought a scroll of identify for 22 gold pieces
  6440 | D:5      | Bought a scroll of identify for 22 gold pieces
  6440 | D:5      | Bought a scroll of identify for 22 gold pieces
  6541 | D:5      | You fall through a shaft!
  6751 | D:6      | Noticed Duvessa
  6751 | D:6      | Noticed Dowan
  6757 | D:6      | Killed Duvessa
  6757 | D:6      | Reached skill level 10 in Fighting
  6761 | D:6      | Killed Dowan
  6761 | D:6      | Reached ***** piety under Trog
  6868 | D:6      | Found Gialegedgh's Book Emporium.
  7025 | D:6      | Found a stormy altar of Qazlal.
  7376 | D:6      | Found a runed door.
  7380 | D:6      | Noticed Crazy Yiuf
  7384 | D:6      | Killed Crazy Yiuf
  7803 | D:7      | Found an iron altar of Okawaru.
  8107 | D:7      | Found a hazy altar of Hepliaklqana.
  8107 | D:7      | Found a deep blue altar of Sif Muna.
  8107 | D:7      | Found an opulent altar of Gozag.
  8130 | D:7      | Received a gift from Trog
  8176 | D:7      | Found a radiant altar of Vehumet.
  8571 | D:8      | Found a bloodstained altar of Trog.
  8935 | D:8      | Reached skill level 11 in Fighting
  9058 | D:8      | Reached XP level 10. HP: 40/96 MP: 9/9
  9520 | D:9      | Found a sacrificial altar of Ru.
 10104 | D:9      | Found a roughly hewn altar of Beogh.
 10104 | D:9      | Found a staircase to the Orcish Mines.
 10136 | D:9      | Reached skill level 12 in Fighting
 10585 | D:10     | Entered Level 10 of the Dungeon
 11233 | D:10     | Noticed a gargoyle
 11252 | D:10     | Killed a gargoyle
 11349 | D:10     | Reached skill level 10 in Axes
 11383 | D:10     | Found a staircase to the Lair.
 11393 | Lair:1   | Entered Level 1 of the Lair of Beasts
 11478 | Lair:1   | Noticed a spiny frog
 11488 | Lair:1   | Killed a spiny frog
 11488 | Lair:1   | Reached skill level 13 in Fighting
 11488 | Lair:1   | Reached XP level 11. HP: 107/107 MP: 10/10
 11587 | Lair:1   | Noticed a six-headed hydra
 11601 | Lair:1   | Killed a ten-headed hydra
 11601 | Lair:1   | Reached skill level 10 in Armour
 11608 | Lair:1   | HP: 7/160 [iron troll[the player character] (41)]
 11608 | Lair:1   | Annihilated by an iron troll

Skill      XL: |  1  2  3  4  5  6  7  8  9 10 11 |
---------------+----------------------------------+-----
Fighting       | 4 5 6 8 9 11 13 | 13.2
Axes           | 4 5 6 7 8 10 | 10.3
Armour         | 3 4 5 6 8 9 10 | 10.0
Dodging        | 3 4 5 6 7 8 |  8.2

Action                   |  1- 3 |  4- 6 |  7- 9 | 10-12 || total
-------------------------+-------+-------+-------+-------++-------
Melee: Hand axe          |    86 |   159 |   215 |       ||   460
       Headbutt          |    10 |    14 |    56 |    36 ||   116
       War axe           |       |       |   107 |   216 ||   323
Throw: Tomahawk          |       |       |     4 |       ||     4
Invok: Trog's Hand       |     1 |     1 |     1 |       ||     3
       Berserk           |       |       |     2 |     4 ||     6
       Burn Spellbooks   |       |       |     2 |       ||     2
       Brothers in Arms  |       |       |       |     2 ||     2
  Use: Scroll            |     3 |     1 |    12 |     7 ||    23
       Potion            |       |       |     2 |     5 ||     7
 Stab: Sleeping          |       |       |       |     1 ||     1
  Eat: Chunk             |     2 |     2 |     8 |     7 ||    19
       Bread ration      |     1 |       |     1 |       ||     2
       Beef jerky        |       |       |     1 |       ||     1
       Pizza             |       |       |     2 |       ||     2
       Meat ration       |       |       |     1 |     1 ||     2
Armor: Ring mail         |    35 |    73 |   112 |    76 ||   296
Dodge: Dodged            |    51 |   129 |   227 |   163 ||   570
